 Dungeon Crawl Stone Soup version 0.26-a0-259-g1effd001a9 (webtiles) character file.

Game seed: 12066324799675828067

387 jt the Magician (level 6, -3/38 HPs)
             Began as an Octopode Hedge Wizard on July 18, 2020.
             Was a Believer of Ru.
             Slain by an ice beast (7 damage)
             ... on level 6 of the Dungeon.
             The game lasted 00:10:44 (3743 turns).

jt the Magician (Octopode Hedge Wizard)             Turns: 3743, Time: 00:10:45

Health: -3/38      AC:  3    Str: 10    XL:     6   Next: 78%
Magic:  12/12      EV: 11    Int: 18    God:    Ru [**....]
Gold:   150        SH:  7    Dex: 11    Spells: 6/13 levels left

rFire    . . .     SeeInvis +   a - +0 dagger (venom)
rCold    . . .     Faith    .   A - +0 kite shield
rNeg     . . .     Spirit   .   b - +0 hat
rPois    .         Reflect  .   (no amulet)
rElec    .         Harm     .   (no ring)
rCorr    .                      h - ring of see invisible
MR       .....                  (no ring)
Stlth    +++.......             (no ring)
HPRegen  0.12/turn              (no ring)
MPRegen  0.13/turn              (no ring)
                                (no ring)
                                (no ring)

@: no status effects
A: almost no armour, stealthy swim, amphibious, 8 rings, constrict 8, molten
scales 1, camouflage 1, wild magic 1, gelatinous body 1, evolution 1, inability
to use devices
a: Renounce Religion


You were on level 6 of the Dungeon.
You worshipped Ru.
Ru was pleased with you.
You were not hungry.

You visited 1 branch of the dungeon, and saw 4 of its levels.

You collected 150 gold pieces.

Inventory:

Hand Weapons
 a - a +0 dagger of venom (weapon)
 q - a +0 dagger
 r - a +0 hunting sling
Missiles
 c - 10 poisoned darts (quivered)
 n - 64 bolts
 o - 179 stones
 w - 13 sling bullets
Armour
 b - a +0 hat (worn)
 A - a +0 kite shield (worn)
Jewellery
 h - a ring of see invisible (right tentacle)
 B - a cursed amulet of inaccuracy {unknown}
Scrolls
 f - 5 scrolls of magic mapping {unknown}
 j - a scroll of amnesia {unknown}
 l - a scroll of remove curse
 p - a scroll of enchant weapon {unknown}
 s - 5 scrolls of identify {unknown}
 t - 2 scrolls of immolation {unknown}
 u - 2 scrolls of teleportation {unknown}
 y - a scroll of noise {unknown}
 z - a scroll of fear {unknown}
Potions
 e - a potion of heal wounds
 i - a potion of haste {unknown}
 k - a potion of mutation
 m - a potion of curing {unknown}
 v - a potion of degeneration {unknown}
Comestibles
 d - 7 rations


   Skills:
 - Level 1.0 Fighting
 - Level 1.0 Short Blades
 - Level 2.5 Dodging
 - Level 4.0 Stealth
 + Level 1.5 Shields
 + Level 4.4 Spellcasting
 + Level 2.6 Conjurations
 + Level 2.3 Summonings
 + Level 2.3 Translocations


You had 6 spell levels left.
You knew the following spells:

 Your Spells              Type           Power        Failure   Level
a - Magic Dart            Conj           ###.         36%         1
b - Blink                 Tloc           N/A          52%         2
c - Call Imp              Summ           ###.....     52%         2
d - Slow                  Hex            #.......     83%         2

Your spell library contained the following spells:

 Spells                   Type           Power        Failure   Level
 Conjure Flame            Conj/Fire      ##......     87%         3
 Mephitic Cloud           Conj/Pois/Air  #.......     90%         3


Dungeon Overview and Level Annotations

Branches:
Dungeon (3/15)

Altars:
Ru


Innate Abilities, Weirdness & Mutations

You cannot wear most types of armour.
You are very stealthy in the water. (Stealth+)
You are amphibious.
You can wear up to eight rings at the same time.
You can use your tentacles to constrict eight enemies at once.
Your skin changes colour to match your surroundings (Stealth+).
Your rubbery body absorbs attacks. (AC +1, EV +1)
You cannot study or use magical devices.
You are partially covered in molten scales. (AC +2)
Your spells are a little harder to cast, but a little more powerful.
You evolve.


Message History

The ice beast hits you but does no damage.
Your shield prevents you from hitting the ice beast.
The ice beast is heavily wounded.
The ice beast closely misses you.
You hit the ice beast.
The ice beast is heavily wounded.
The ice beast hits you. The ice beast freezes you!
* * * LOW HITPOINT WARNING * * *
Things that are here:
a +0 club; an orc corpse; an iguana corpse
Things that are here:
a +0 flail; a +0 ring mail
Okay, then.
The ice beast looks more healthy.
As you read the scroll labeled OCOWNI HARPHI, it crumbles to dust.
You feel blessed for a moment.
It was a scroll of remove curse.
The ice beast hits you.
* * * LOW HITPOINT WARNING * * *
The ice beast freezes you!
You die...

#..).#.......(..#
#..).###.#.#.##.#
##)####..........
###.# ##.#.#.#...
#...# .......(..
#.### .#.#.#.#...
#.# ... .... #Y# .#
#. #@# Y ######.#
...
#####......#.)..$
##..............#
###.........#######
##...........#
#....≈≈≈≈≈...#
####.≈###≈...#
#.≈≈≈≈≈...#


You could see an ice beast.

Vanquished Creatures
  2 electric eels (D:6)
  2 orc priests
  3 orc wizards
  An iguana (D:6)
  7 adders
  A worm (D:2)
  2 dart slugs
  4 leopard geckos
  12 orcs
  7 hobgoblins
  A quokka (D:3)
  7 bats
  3 frilled lizards
  6 goblins
  9 kobolds
  8 rats
75 creatures vanquished.

Notes
Turn   | Place    | Note
-------+----------+-------------------------------------------
     0 | D:1      | jt the Octopode Hedge Wizard began the quest for the Orb.
     0 | D:1      | Reached XP level 1. HP: 11/11 MP: 4/4
   390 | D:1      | Reached XP level 2. HP: 17/17 MP: 4/6
   879 | D:2      | Reached XP level 3. HP: 21/21 MP: 1/8
   952 | D:2      | Learned a level 2 spell: Blink
   955 | D:2      | Learned a level 2 spell: Call Imp
   958 | D:2      | Learned a level 2 spell: Slow
  1121 | D:2      | Found a sacrificial altar of Ru.
  1140 | D:2      | Became a worshipper of Ru the Awakened
  1689 | D:2      | Reached XP level 4. HP: 27/27 MP: 9/9
  2152 | D:2      | Reached skill level 1 in Short Blades
  2528 | D:3      | Reached XP level 5. HP: 26/32 MP: 4/11
  2678 | D:3      | Reached skill level 1 in Fighting
  3176 | D:3      | Gained mutation: You cannot study or use magical devices.
                  | [Ru sacrifice]
  3176 | D:3      | Reached * piety under Ru
  3176 | D:3      | Reached ** piety under Ru
  3484 | D:3      | You fall into a shaft and drop 3 floors!
  3493 | D:6      | Reached skill level 1 in Shields
  3493 | D:6      | Reached XP level 6. HP: 38/38 MP: 10/12
  3527 | D:6      | Noticed an ice beast
  3608 | D:6      | Noticed an orc warrior
  3720 | D:6      | Gained mutation: You evolve. [potion of mutation]
  3720 | D:6      | Gained mutation: Your spells are a little harder to cast,
                  | but a little more powerful. [potion of mutation]
  3720 | D:6      | Gained mutation: You are partially covered in molten
                  | scales. (AC +2) [potion of mutation]
  3743 | D:6      | Slain by an ice beast

Illustrated notes

Levels and vault maps discovered:
D:1:      saegor_arrival_simple_e, layout_rooms
D:2:      layout_basic, hangedman_ru_absence
D:3:      layout_loops_corners, marbit_many_paths, grunt_ministairs_7,
          serial_park_tiny_pond
D:6:      layout_rooms, lemuel_round_altar, nicolae_overflow_hidden_temple,
          temple_doors_ab, st_stairs_12, minmay_crystal_water,
          kennysheep_small_square

Skill      XL: |  1  2  3  4  5 |
---------------+----------------+-----
Stealth        | 3 4 |  4.0
Short Blades   | 1 |  1.0
Spellcasting   | 4 |  4.4
Fighting       | 1 |  1.0
Conjurations   | 2 |  2.6
Shields        | 1 |  1.5
Summonings     | 2 |  2.3
Translocations | 2 |  2.3
Dodging        | |  2.5

Action                   |  1- 3 |  4- 6 || total
-------------------------+-------+-------++-------
Melee: Dagger            |    46 |   104 ||   150
       Constrict         |    17 |    29 ||    46
       Tentacles         |     6 |    13 ||    19
Throw: Dart              |       |     7 ||     7
       Throwing net      |       |     1 ||     1
 Cast: Magic Dart        |    41 |    22 ||    63
Invok: Sacrifice Artific |       |     1 ||     1
  Use: Potion            |       |     2 ||     2
       Scroll            |       |     1 ||     1
 Stab: Sleeping          |     4 |     4 ||     8
       Held in net/web   |       |     1 ||     1
  Eat: Ration            |     1 |     2 ||     3
Armor: Skin              |     4 |     8 ||    12
Dodge: Dodged            |    20 |    44 ||    64
Block: Kite shield       |       |    12 ||    12

Table legend:
 A = Non-vault XP
 B = Vault XP
 C = Vault XP percentage of total XP
 D = Non-vault monster count
 E = Vault monster count
 F = Vault count percentage of total count
                 A         B        C        D         E       F
            +---------+---------+-------+---------+---------+-------
      Total |     411 |     142 |  25.7 |      67 |       8 |  10.7
            +---------+---------+-------+---------+---------+-------
        D:1 |      24 |       0 |   0.0 |      14 |       0 |   0.0
        D:2 |      76 |      53 |  41.1 |      26 |       5 |  16.1
        D:3 |     121 |      40 |  24.8 |      22 |       1 |   4.3
        D:6 |     190 |      49 |  20.5 |       5 |       2 |  28.6
            +---------+---------+-------+---------+---------+-------
